 Dungeon Crawl Stone Soup version 0.29.1-12-g30fa7ad0bf (webtiles) character file.

Game seed: 8386180658853316935

46 RapScallion the Shield-Bearer (level 3, -8/29 HPs)
             Began as a Human Fighter on Jan 15, 2023.
             Mangled by Crazy Yiuf
             ... wielding a +2 quarterstaff of chaos
              (12 damage)
             ... on level 2 of the Dungeon.
             The game lasted 00:06:02 (1746 turns).

RapScallion the Shield-Bearer (Human Fighter)       Turns: 1746, Time: 00:06:02

Health: -8/29      AC:  6    Str: 18    XL:     3   Next: 92%
Magic:  3/3        EV: 17    Int:  8    God:
Gold:   82         SH:  0    Dex: 12    Spells: 2/2 levels left

rFire   + + .      SeeInvis .   (weapon currently unavailable)
rCold   + + .      Faith    .   (shield currently unavailable)
rNeg    + + +      Spirit   .   (body armour currently unavailable)
rPois   ∞          Reflect  .   (helmet currently unavailable)
rElec   +          Harm     .   (cloak currently unavailable)
rCorr   +          Rampage  .   (gloves currently unavailable)
Will    .....                   (boots currently unavailable)
Stlth   +.........              (amulet currently unavailable)
HPRegen 0.09/turn               (ring currently unavailable)
MPRegen 0.08/turn               (ring currently unavailable)

@: wisp-form (expiring), flying
A: insubstantial, flying, no casting, tiny
a: no special abilities


You were on level 2 of the Dungeon.
You were an insubstantial wisp.
You visited 1 branch of the dungeon, and saw 2 of its levels.

You collected 82 gold pieces.

Inventory:

Hand Weapons
 a - a +0 war axe
 n - a +0 long sword (melded)
Missiles
 m - a throwing net
Armour
 b - a +1 scale mail (melded)
 c - a +0 buckler (melded)
 e - a +2 pair of boots of stealth (melded)
Scrolls
 f - 2 scrolls of identify {unknown}
 h - 3 scrolls of teleportation {unknown}
 i - a scroll of poison {unknown}
 p - a scroll of magic mapping {unknown}
 q - a scroll of torment {unknown}
Potions
 d - a potion of might
 g - a potion of magic {unknown}
 j - a potion of invisibility {unknown}
 k - 2 potions of curing {unknown}
 l - a potion of attraction {unknown}


   Skills:
 + Level 3.2 Fighting
 + Level 2.6 Axes
 + Level 3.3 Armour
 + Level 0.5 Dodging
 + Level 3.4 Shields


You had 2 spell levels left.
You didn't know any spells.
Your spell library was empty.

Dungeon Overview and Level Annotations

Branches:
Dungeon (2/15)

Altars:

Shops:
D:1 (

Annotations:
D:2 Crazy Yiuf


Message History

No target in view!
q - a scroll labelled SUTHYO OF OFUU
Found a stone staircase leading down.
There is a stone staircase leading down here.
Found a hammer.
Found a runed translucent door.
Crazy Yiuf shouts!
You open the door. You barely miss Crazy Yiuf.
Crazy Yiuf says, "Spliff infinity King!"
Crazy Yiuf completely misses you. Crazy Yiuf closely misses you.
You barely miss Crazy Yiuf. You block Crazy Yiuf's attack.
You barely miss Crazy Yiuf. Crazy Yiuf closely misses you.
You closely miss Crazy Yiuf.
Crazy Yiuf hits you with a +2 quarterstaff of chaos.
Crazy Yiuf hits you with a +2 quarterstaff of chaos!
Crazy Yiuf freezes you.
You barely miss Crazy Yiuf.
Crazy Yiuf hits you with a +2 quarterstaff of chaos!
* * * LOW HITPOINT WARNING * * *
You suddenly lose the ability to move!
Crazy Yiuf hits you with a +2 quarterstaff of chaos.
* * * LOW HITPOINT WARNING * * *
You turn into an insubstantial wisp.
Your +0 long sword melds into your body.
Your +2 pair of boots of stealth melds into your body.
Your +0 buckler melds into your body.
Your +0 scale mail melds into your body.
You feel less stealthy.
You can move again.
As you read the scroll labelled DUAVIL FUEPAM, it crumbles to dust.
It is a scroll of enchant armour.
Your +0 scale mail glows green for a moment.
Crazy Yiuf barely misses you.
Crazy Yiuf is nearby!
Unknown command.
Your transformation is almost over.
Crazy Yiuf attacks as you move away! Crazy Yiuf misses you.
Crazy Yiuf attacks as you move away!
Crazy Yiuf hits you with a +2 quarterstaff of chaos!
You die...

##.##........
#########...#........
#....................
#.##.................
####.##>.####.##........
#..........#####........
#.###...................
### #....#######........
#..v.# ####..... #..g.#
##.... ##...# #####
##.## # ##.# # #.## #
##.# #.## #'#


You could see Crazy Yiuf.

Vanquished Creatures
  A worm (D:2)
  2 dart slugs
  6 ball pythons
  4 bats
  2 endoplasms (D:1)
  4 goblins (D:1)
  3 hobgoblins (D:1)
  3 jackals (D:1)
  A quokka (D:2)
  A frilled lizard (D:1)
  7 kobolds
  A rat (D:1)
35 creatures vanquished.

Vanquished Creatures (others)
  A fungus (D:2)
  5 plants (D:1)
6 creatures vanquished.

Grand Total: 41 creatures vanquished

Notes
Turn   | Place    | Note
-------+----------+-------------------------------------------
     0 | D:1      | RapScallion the Human Fighter began the quest for the Orb.
     0 | D:1      | Reached XP level 1. HP: 18/18 MP: 1/1
   425 | D:1      | Reached XP level 2. HP: 24/24 MP: 2/2
   622 | D:1      | Found a faded altar of an unknown god.
   640 | D:1      | Reached XP level 3. HP: 29/29 MP: 3/3
   683 | D:1      | Found Achofi's Weapon Boutique.
  1727 | D:2      | Found a runed translucent door.
  1728 | D:2      | Noticed Crazy Yiuf
  1736 | D:2      | Paralysed by Crazy Yiuf for 2 turns
  1746 | D:2      | Mangled by Crazy Yiuf

Illustrated notes

Levels and vault maps discovered:
D:1:      lightli_arrival_windingriver, layout_basic,
          hellmonk_ecumenical_altar_heavens_door, serial_shops, shop
D:2:      layout_loops_ring, dreamdust_mushroom_princess,
          uniq_crazy_yiuf_cottage

Action                   || total
-------------------------++-------
Melee: War axe           ||    61
       Long sword        ||    36
  Use: Scroll            ||     1
Armor: Scale mail        ||    55
Dodge: Dodged            ||    60
Block: Buckler           ||    17
